 Dungeon Crawl Stone Soup version 0.29.0-4-gdea44cf6ec (webtiles) character file.

Game seed: 6030679682456085738

22 qw the Sneak (level 2, -4/19 HPs)
             Began as a Gargoyle Delver on Sept 10, 2022.
             Was an Initiate of Okawaru.
             Killed by divine providence
             ... invoked by an orc priest
              (14 damage)
             ... on level 3 of the Dungeon.
             The game lasted 00:00:08 (376 turns).

qw the Sneak (Gargoyle Delver)                       Turns: 376, Time: 00:00:09

Health: -4/19      AC:  5    Str: 15    XL:     2   Next: 91%
Magic:  2/2        EV: 11    Int: 10    God:    Okawaru [......]
Gold:   38         SH:  0    Dex: 11    Spells: 1/1 levels left

rFire   . . .      SeeInvis .   a - +0 hand axe
rCold   . . .      Faith    .   (no shield)
rNeg    + . .      Spirit   .   b - +0 leather armour
rPois   inf        Reflect  .   (no helmet)
rElec   +          Harm     .   (no cloak)
rCorr   .          Rampage  .   (no gloves)
Will    .....                   (no boots)
Stlth   +++.......              (no amulet)
HPRegen 0.06/turn               (no ring)
MPRegen 0.08/turn               (no ring)

@: no status effects
A: sickness immunity, AC +2, negative energy resistance 1, electricity
resistance, torment resistance 1, petrification resistance
a: Renounce Religion


You were on level 3 of the Dungeon.
You worshipped Okawaru.
Okawaru was noncommittal.
You visited 1 branch of the dungeon, and saw 3 of its levels.

You collected 83 gold pieces.
You spent 45 gold pieces at shops.


Innate Abilities, Weirdness & Mutations

You are immune to sickness and miasma.
Your stone body is resilient. (AC +2)
You are immune to poison.
You resist negative energy. (rN+)
You are resistant to electric shocks. (rElec)
You are resistant to unholy torment.
You are immune to petrification.


   Skills:
 - Level 3.2 Fighting
 + Level 3.0 Axes
 - Level 1.5 Dodging
 - Level 5.4 Stealth


You had one spell level left.
You didn't know any spells.
Your spell library was empty.

Inventory:

Hand Weapons
 a - a +0 hand axe (weapon)
Missiles
 h - 6 boomerangs (quivered)
Armour
 b - a +0 leather armour (worn)
Wands
 g - a wand of digging (3)
Scrolls
 d - a scroll of silence {unknown}
Potions
 c - a potion of degeneration {unknown}
 f - a potion of haste

Dungeon Overview and Level Annotations

Branches:
Dungeon (5/15)
 Temple: D:4-7

Altars:
Okawaru

Shops:
D:3 *(


Message History

You see here 6 stones.
You now have 28 gold pieces (gained 12).
You now have 38 gold pieces (gained 10).
There is an entrance to Furghiha's Antique Weapon Boutique here.
Enter note:
347 ||| SHOPLISTING glowing whip (176 gold, have 38).
You can access your shopping list by pressing '$'.
There is a fountain of clear blue water here.
An endoplasm comes into view.
Enter note: Throw: 6 boomerangs
Press: ? - help, Q - select action Shift-Dir - straight line, f - endoplasm You throw a boomerang.
The boomerang hits the endoplasm but does no damage.
You hear a shout!
An orc priest comes into view. It is wielding a +0 falchion.
You hear a shout!
369 ||| Stepping ~*~*~tactically~*~*~ (hiding).
Found a stone staircase leading down.
You hit the orc priest.
The orc priest is lightly wounded.
The orc priest hits you with a +0 falchion.
You hit the orc priest but do no damage.
The orc priest is lightly wounded.
The orc priest closely misses you. x2
You hit the orc priest.
The orc priest is lightly wounded.
The orc priest looks encouraged for a moment.
You hit the orc priest.
The orc priest is lightly wounded.
The orc priest hits you with a +0 falchion.
You closely miss the orc priest.
The orc priest is lightly wounded.
The orc priest hits you but does no damage.
You barely miss the orc priest.
The orc priest is lightly wounded.
The orc priest mumbles some strange prayers to Beogh against you.
Beogh smites you!
Ouch! That really hurt!
You die...

### ### ..# >.. ###
######.####
###########.....)...#
#.............@o..#.
#.######....####..#
#.# #....# .# #.#
#....# # #.# ####.#
##.# #.# ##..# #.#
#}.}# #.. #.\.#


You could see an orc priest.

Vanquished Creatures
  2 adders
  A ball python (D:3)
  A bat (D:3)
  A kobold (D:4)
5 creatures vanquished.

Notes
Turn   | Place    | Note
-------+----------+-------------------------------------------
     0 | D:5      | qw the Gargoyle Delver began the quest for the Orb.
     0 | D:5      | Reached XP level 1. HP: 14/14 MP: 1/1
     0 | D:5      | 0 ||| qw: Version: 0.1-a-116-g5d60599
     0 | D:5      | 0 ||| qw: Game counter: 8446
     0 | D:5      | 0 ||| qw: Always use a shield: true
     0 | D:5      | 0 ||| qw: God list: Okawaru
     0 | D:5      | 0 ||| qw: Allow faded altars: false
     0 | D:5      | 0 ||| qw: Do Orc after D:15 true
     0 | D:5      | 0 ||| qw: Do second Lair branch before Depths: true
     0 | D:5      | 0 ||| qw: Lair rune preference: random
     0 | D:5      | 0 ||| qw: Plans: Normal
     0 | D:5      | 0 ||| PLANNING D:1-11
     5 | D:5      | Noticed a quasit
    31 | D:5      | Reached XP level 2. HP: 18/19 MP: 2/2
    49 | D:5      | Found an iron altar of Okawaru.
    50 | D:5      | 50 ||| DROPPING scroll of fog.
    51 | D:5      | 51 ||| DROPPING scroll of magic mapping.
    52 | D:5      | 52 ||| DROPPING scroll of fear.
    60 | D:5      | Became a worshipper of Warmaster Okawaru
   110 | D:4      | Noticed an ogre
   111 | D:4      | 111 ||| FLEEEEING.
   112 | D:4      | 112 ||| STAIRDANCE
   143 | D:3      | 143 ||| Stepping ~*~*~tactically~*~*~ (stealth).
   145 | D:3      | 145 ||| Stepping ~*~*~tactically~*~*~ (stealth).
   148 | D:3      | 148 ||| Stepping ~*~*~tactically~*~*~ (stealth).
   151 | D:3      | 151 ||| Stepping ~*~*~tactically~*~*~ (stealth).
   152 | D:3      | 152 ||| Stepping ~*~*~tactically~*~*~ (stealth).
   154 | D:3      | 154 ||| Stepping ~*~*~tactically~*~*~ (stealth).
   161 | D:3      | Reached skill level 3 in Axes
   179 | D:3      | Found Tyich's Assorted Antiques.
   189 | D:3      | 189 ||| BUYING bubbling puce potion (21 gold).
   189 | D:3      | Bought a bubbling puce potion for 21 gold pieces
   189 | D:3      | 189 ||| SHOPLISTING ring mail (96 gold, have 24).
   189 | D:3      | 189 ||| BUYING scroll labelled POMUOT ECOMYH (24 gold).
   189 | D:3      | Bought a scroll labelled POMUOT ECOMYH for 24 gold pieces
   189 | D:3      | 189 ||| SHOPLISTING twisted bronze ring (120 gold, have 0).
   339 | D:3      | Found Furghiha's Antique Weapon Boutique.
   347 | D:3      | 347 ||| SHOPLISTING glowing whip (176 gold, have 38).
   369 | D:3      | 369 ||| Stepping ~*~*~tactically~*~*~ (hiding).
   376 | D:3      | Killed from afar by an orc priest

Levels and vault maps discovered:
D:3:      layout_basic, lightli_temple_of_fire, grunt_qazlal_clouds,
          serial_shops, nicolae_lakefront_shop, nicolae_shop_crystal,
          nicolae_shop_hallway_plus, shop_fountains
D:4:      layout_cave_pools, uniq_sigmund
D:5:      cheibrodos_quashed, layout_basic, okawaru_ov_weapons_minmay,
          temple_hall, kennysheep_generic_room_15, uniq_eustachio

Skill      XL: |  1  2 |
---------------+-------+-----
Axes           | 2 3 |  3.0
Fighting       | |  3.2
Dodging        | |  1.5
Stealth        | |  5.4

Action                   || total
-------------------------++-------
Melee: Hand axe          ||    30
Throw: Boomerang         ||     6
Armor: Leather armour    ||    12
Dodge: Dodged            ||    22

Table legend:
 A = Non-vault XP
 B = Vault XP
 C = Vault XP percentage of total XP
 D = Non-vault monster count
 E = Vault monster count
 F = Vault count percentage of total count
                 A         B        C        D         E       F
            +---------+---------+-------+---------+---------+-------
      Total |      32 |       0 |   0.0 |       5 |       0 |   0.0
            +---------+---------+-------+---------+---------+-------
        D:3 |       4 |       0 |   0.0 |       2 |       0 |   0.0
        D:4 |      15 |       0 |   0.0 |       2 |       0 |   0.0
        D:5 |      13 |       0 |   0.0 |       1 |       0 |   0.0
            +---------+---------+-------+---------+---------+-------
